 Seeded DCSS version 0.28-a0-537-g3bccd9c (webtiles) character file.

Game seed: 8565805715737716425 (custom seed)

127 Illumine the Magician (level 4, -9/30 HPs)
             Began as a Mummy Ice Elementalist on Sept 27, 2021.
             Mangled by a wight (10 damage)
             ... on level 3 of the Dungeon.
             The game lasted 00:08:56 (3286 turns).

Illumine the Magician (Mummy Ice Elementalist)      Turns: 3286, Time: 00:08:56

Health: -9/30      AC:  2    Str: 11    XL:     4   Next: 85%
Magic:  14/19      EV: 12    Int: 15    God:
Gold:   102        SH:  0    Dex: 12    Spells: 4/11 levels left

rFire   x . .      SeeInvis .   d - +0 dagger (protect)
rCold   + . .      Faith    .   (no shield)
rNeg    + + +      Spirit   .   a - +0 robe
rPois   ∞          Reflect  .   (no helmet)
rElec   .          Harm     .   (no cloak)
rCorr   .          Rampage  .   (no gloves)
Will    .....                   (no boots)
Stlth   ++........              (no amulet)
HPRegen 0.10/turn               c - ring of magical power
MPRegen 0.16/turn               (no ring)

@: no status effects
A: cold resistance 1, negative energy resistance 3, torment resistance 2, heat
vulnerability 1, no potions
a: no special abilities


You were on level 3 of the Dungeon.
You visited 1 branch of the dungeon, and saw 4 of its levels.

You collected 102 gold pieces.

Inventory:

Hand Weapons
 d - a +0 dagger of protection (weapon)
Missiles
 b - 19 stones (quivered)
Armour
 a - a +0 robe (worn)
 f - a +0 buckler
Jewellery
 c - a ring of magical power (left hand)
Wands
 h - a wand of charming (8)
Scrolls
 e - a scroll of magic mapping {unknown}
 k - a scroll of holy word {unknown}
 m - a scroll of enchant armour {unknown}
 n - a scroll of teleportation {unknown}
Miscellaneous
 j - a piece from Xom's chessboard (12/15)


   Skills:
 + Level 0.0 Fighting
 - Level 1.5 Dodging
 - Level 1.5 Stealth
 + Level 1.6 Shields
 + Level 4.3 Spellcasting
 + Level 4.0 Ice Magic


You had 4 spell levels left.
You knew the following spells:

 Your Spells              Type           Power      Damage    Failure   Level
a - Freeze                Ice            60%        1d8       3%          1
b - Frozen Ramparts       Ice            30%        1d5       10%         3
c - Ozocubu's Armour      Ice            15%        N/A       10%         3

Your spell library contained the following spells:

 Spells                   Type           Power      Damage    Failure   Level
 Static Discharge         Conj/Air       3%         N/A       26%         2
 Ignite Poison            Fire/Tmut/Pois 3%         N/A       45%         3
 Hailstorm                Conj/Ice       9%         3d4       58%         4
 Dispel Undead            Necr           3%         3d7       86%         4
 Sticky Flame             Conj/Fire      3%         2d3       86%         4
 Alistair's Intoxication  Tmut/Pois      2%         N/A       99%         5
 Silence                  Hex/Air        1%         N/A       99%         5
 Summon Mana Viper        Hex/Summ       3%         N/A       99%         5


Dungeon Overview and Level Annotations

Branches:
Dungeon (4/15)
 Temple: D:4-7

Altars:
Dithmenos
Hepliaklqana
Kikubaaqudgha
Ru
Uskayaw
Xom
Yredelemnul
The Shining One

Annotations:
D:2 Sigmund
D:4 2 transporters, Skitler's ghost, novice DjCj


Innate Abilities, Weirdness & Mutations

You are immune to poison.
Your flesh is cold resistant. (rC+)
You are immune to negative energy. (rN+++)
You are immune to unholy pain and torment.
You are vulnerable to heat. (rF-)
You do not drink.


Message History

The wight completely resists.
The wall freezes the wight but does no damage.
The wight closely misses you.
Okay, then.
You make a move on Xom's chessboard...
The wight resists with some effort.
The wight completely resists.
The wall freezes the wight but does no damage.
The wight hits you but does no damage.
You make a move on Xom's chessboard...
The wight flickers and vanishes!
Deactivating autopickup; reactivate with Ctrl-A.
The wall freezes something but does no damage.
Something hits you but does no damage.
The wall freezes something but does no damage.
Something hits you.
* * * LOW HITPOINT WARNING * * *
You can't drink.
As you read the scroll labelled TEW ET FAEFRESA, it crumbles to dust.
You hear a loud clanging noise!
It was a scroll of noise.
The wall freezes something but does no damage.
Something hits you but does no damage.
As you read the scroll labelled ZEQ RODAVIU, it crumbles to dust.
It is a scroll of amnesia.
Really abort (and waste the scroll)?
Okay, then.
The wall freezes something but does no damage.
Something hits you but does no damage.
The wall freezes something but does no damage.
Something hits you.
* * * LOW HITPOINT WARNING * * *
You can't drink.
As you read the scroll labelled PITIAT WAMYMNA, it crumbles to dust.
You feel a surge of unholy energy.
It was a scroll of torment.
The frozen ramparts melt away.
Something hits you but does no damage.
Your icy armour will break if you move.
Continue?
Your icy armour cracks and falls away as you move.
Something hits you.
* * * LOW HITPOINT WARNING * * *
Something hits you!
You die...

#.##.# #.##.# #<##.. #.####
#####..... ##...######
#######.###.## #
########............## #
#...<.#@###.#>##.....#
#..[...## ##..##.#...##
#......# #.#.#.#....##
####......## ##.##.)..#.#.#
#........#.###.####.....##.
#.#......##....## #.....###
#.#.##...##.....###.....##.
#.#......#..............#.#
#.#..##..#.........._......


There were no monsters in sight!

Vanquished Creatures
  An orc priest (D:3)
  2 adders (D:3)
  5 worms
  2 dart slugs
  7 orcs (D:3)
  7 ball pythons
  3 bats (D:1)
  5 endoplasms
  2 giant cockroaches
  5 hobgoblins
  2 jackals (D:3)
  3 quokkas
  A frilled lizard (D:3)
  3 kobolds
  5 rats
  A butterfly (D:3)
54 creatures vanquished.

Vanquished Creatures (others)
  A plant (D:4)
1 creature vanquished.

Grand Total: 55 creatures vanquished

Notes
Turn   | Place    | Note
-------+----------+-------------------------------------------
     0 | D:1      | Illumine the Mummy Ice Elementalist began the quest for the
                  | Orb.
     0 | D:1      | Reached XP level 1. HP: 13/13 MP: 4/4
    30 | D:1      | Got the Guide on Entrancing Transformation
   271 | D:1      | Found a faded altar of an unknown god.
   427 | D:1      | Reached XP level 2. HP: 19/19 MP: 6/6
  1134 | D:2      | Noticed Sigmund
  1385 | D:2      | Reached XP level 3. HP: 23/24 MP: 8/8
  1391 | D:1      | Learned a level 3 spell: Frozen Ramparts
  1724 | D:2      | Found a hazy altar of Hepliaklqana.
  2013 | D:3      | Found a shimmering altar of Xom.
  2035 | D:3      | Reached skill level 1 in Shields
  2345 | D:3      | Reached XP level 4. HP: 30/30 MP: 9/9
  2361 | D:3      | Found a sacrificial altar of Ru.
  2935 | D:3      | Found a basalt altar of Yredelemnul.
  2935 | D:3      | Found an ancient bone altar of Kikubaaqudgha.
  2937 | D:3      | Found a shadowy altar of Dithmenos.
  2938 | D:3      | Found a hide-covered altar of Uskayaw.
  3066 | D:4      | Noticed an ogre
  3069 | D:4      | Noticed an ogre
  3116 | D:3      | Learned a level 3 spell: Ozocubu's Armour
  3118 | D:4      | Found a transporter.
  3162 | D:4      | Found a transporter.
  3162 | D:4      | Noticed Skitler's ghost (novice DjCj)
  3165 | D:4      | Noticed a two-headed ogre
  3282 | D:3      | HP: 1/30 [something (6)]
  3286 | D:3      | Mangled by a wight

Illustrated notes

Levels and vault maps discovered:
D:1:      lightli_arrival_farm, layout_loops_ring,
          chequers_ecumenical_altar_simple, minmay_tetromino_s4
D:2:      layout_basic, basic_altar, grunt_ministairs_3, uniq_sigmund
D:3:      layout_loops_cross, minitemple, xom_butterflies
D:4:      layout_gridville, mainiacjoe_overflow_paths,
          minmay_temple_entry_arrows, serial_bayou, serial_bayou_ford_a,
          serial_bayou_shore_b, serial_bayou_lagoon_a, serial_bayou_pond_a,
          gammafunk_ghost_arena, hangedman_decor_riveting, dk_noncrumbling_4,
          grunt_decor_one_mirror, uniq_blork_the_orc, uniq_natasha

Skill      XL: |  1  2  3  4 |
---------------+-------------+-----
Spellcasting   | 3 4 |  4.3
Shields        | 1 |  1.6
Ice Magic      | 4 |  4.0
Dodging        | |  1.5
Stealth        | |  1.5

Action                   |  1- 3 |  4- 6 || total
-------------------------+-------+-------++-------
Melee: Dagger            |     5 |     7 ||    12
Throw: Stone             |     6 |       ||     6
 Cast: Freeze            |    77 |    12 ||    89
       Frozen Ramparts   |     3 |     5 ||     8
       Ozocubu's Armour  |       |     1 ||     1
Evoke: Piece from Xom's  |       |     3 ||     3
  Use: Scroll            |       |     3 ||     3
Armor: Robe              |     5 |    10 ||    15
Dodge: Dodged            |    20 |    17 ||    37

Table legend: (Time is in decaauts)
 A = Elapsed time spent in this place.
 B = Non-inter-level travel time spent in this place.
 C = Inter-level travel time spent in this place.
 D = Time resting spent in this place.
 E = Time spent auto-exploring this place.
 F = Levels seen in this place.
 G = Mean time per level.
                   A        B        C        D        E       F      G
               +--------+--------+--------+--------+--------+-----+--------+
         Total |   3311 |   3089 |    222 |    409 |   2021 |   4 |  827.8 |
       Dungeon |   3311 |   3089 |    222 |    409 |   2021 |   4 |  827.8 |
               +--------+--------+--------+--------+--------+-----+--------+

Top non-repeatable levels by time:
     D:1: 1371 daAuts
     D:3: 1266 daAuts
     D:2: 571 daAuts
     D:4: 102 daAuts
